Map: Ruins of Seras

Players

Silver - Winner!

  • Race: Protoss Protoss
  • League: Platinum

LindyHop

  • Race: Zerg Zerg
  • League: Gold

VOD

Have the link to the VOD?

Description

Time

  • Played on: Dec. 5, 2015, 2:50 p.m.
  • Length: 13:28
Show
View Real Time Build Order
Export as new Build Order

Silver Protoss - Winner!

Build Orders:  

Get SALT Encoding   

  12  0:01  Probe (Chrono Boost)  
  13  0:14  Pylon  
  13  0:18  Probe (Chrono Boost)  
  14  0:29  Probe (Chrono Boost)  
  15  0:40  Probe (Chrono Boost)  
  16  0:50  Probe (Chrono Boost)  
  17  1:01  Probe (Chrono Boost)  
  19  1:11  Probe (Chrono Boost), Nexus  
  19  1:22  Probe (Chrono Boost)  
  20  1:26  Gateway  
  20  1:32  Probe (Chrono Boost)  
  21  1:43  Probe (Chrono Boost)  
  22  1:50  Gateway  
  22  1:51  Pylon  
  22  1:54  Probe (Chrono Boost)  
  22  1:55  Assimilator  
  22  2:01  Assimilator  
  23  2:10  Probe (Chrono Boost)  
  24  2:20  Probe (Chrono Boost), Zealot  
  27  2:28  Probe (Chrono Boost)  
  27  2:29  Cybernetics Core  
  28  2:31  Probe (Chrono Boost)  
  28  2:38  Zealot  
  28  2:39  Probe (Chrono Boost)  
  31  2:48  Probe (Chrono Boost)  
  31  2:49  Probe (Chrono Boost)  
  31  2:50  Pylon  
  33  3:00  Assimilator  
  33  3:13  Gateway  
  32  3:24  Stalker x2  
  32  3:26  Mothership Core (Chrono Boost)  
  36  3:50  Warp Gate  
  36  3:51  Probe x2 (Chrono Boost)  
  38  3:58  Zealot  
  38  3:59  Zealot  
  42  4:07  Probe x2 (Chrono Boost)  
  44  4:17  Gateway  
  44  4:20  Forge  
  44  4:23  Probe x2 (Chrono Boost), Pylon  
  46  4:28  Pylon  
  46  4:38  Probe x2 (Chrono Boost)  
  48  4:49  Robotics Facility  
  48  4:50  Twilight Council  
  48  4:51  Probe (Chrono Boost)  
  49  4:54  Probe (Chrono Boost)  
  50  5:09  Zealot  
  50  5:10  Stalker, Zealot  
  56  5:23  Probe x2 (Chrono Boost)  
  50  5:42  Robotics Bay  
  44  5:45  Stalker x3  
  44  5:46  Stalker  
  44  5:47  Protoss Ground Weapons Level 1  
  44  5:49  Probe x2 (Chrono Boost)  
  54  5:54  Assimilator  
  54  6:01  Mothership Core (Chrono Boost)  
  56  6:04  Blink  
  56  6:05  Probe (Chrono Boost)  
  57  6:16  Probe (Chrono Boost)  
  58  6:28  Nexus  
  58  6:31  Disruptor  
  61  6:33  Stalker  
  61  6:35  Zealot  
  65  6:48  Extended Thermal Lance  
  65  6:52  Pylon  
  65  6:53  Pylon  
  65  6:59  Probe (Chrono Boost)  
  65  7:00  Probe (Chrono Boost), Assimilator  
  67  7:03  Assimilator  
  67  7:07  Observer  
  68  7:10  Probe (Chrono Boost)  
  68  7:25  Zealot x4  
  68  7:27  Probe x2 (Chrono Boost)  
  78  7:32  Colossus  
  84  7:40  Probe x2 (Chrono Boost)  
  84  7:41  Probe (Chrono Boost)  
  87  7:45  Protoss Ground Weapons Level 2  
  87  7:52  Probe x3 (Chrono Boost)  
  90  7:59  Stalker x2  
  90  8:00  Stalker x2  
  90  8:04  Probe x2 (Chrono Boost)  
  90  8:05  Probe (Chrono Boost)  
  101  8:11  Robotics Facility  
  101  8:27  Pylon  
  101  8:29  Pylon x2  
  101  8:40  Charge  
  101  8:45  Probe x3 (Chrono Boost), Warp Prism  
  106  8:51  Pylon  
  102  8:58  Stalker x4  
  106  9:25  Colossus  
  106  9:26  Colossus  
  106  9:29  Probe (Chrono Boost)  
  106  9:30  Probe x2 (Chrono Boost)  
  121  9:53  Stalker x2  
  125  10:02  Pylon x2  
  125  10:03  Pylon  
  125  10:04  Pylon  
  120  10:11  Stalker x2  
  124  10:21  Colossus x2  
  124  10:26  Protoss Ground Weapons Level 3  
  129  10:44  Pylon  
  129  10:52  Stalker x2  
  129  10:56  Nexus  
  132  10:59  Pylon  
  132  11:01  Pylon  
  125  11:07  Stalker x2  
  123  11:24  Colossus  
  123  11:25  Stalker x2  
  131  11:27  Colossus  
  139  11:59  Stalker x3  
  139  12:00  Stalker  
  146  12:23  Zealot x4  
  154  12:32  Immortal x2  
Show
View Real Time Build Order
Export as new Build Order

LindyHop Zerg 

Build Orders: Hatch First 

Get SALT Encoding   

  12  0:01  Drone  
  13  0:08  Drone  
  14  0:40  Hatchery, Extractor  
  14  0:41  Drone  
  13  0:48  Drone  
  14  1:05  Spawning Pool  
  14  1:09  Drone  
  14  1:17  Overlord  
  14  1:37  Drone x3  
  17  1:51  Metabolic Boost  
  17  1:53  Zergling x4  
  19  2:03  Queen  
  21  2:17  Drone  
  22  2:27  Drone x3  
  22  2:28  Drone x2  
  27  2:45  Lair  
  27  2:51  Drone  
  27  2:53  Overlord  
  28  3:11  Queen  
  29  3:27  Zergling x2  
  29  3:28  Drone  
  29  3:29  Drone x4  
  35  3:35  Drone  
  35  3:42  Drone  
  35  3:43  Overlord  
  36  3:59  Overseer  
  36  4:01  Hatchery  
  35  4:07  Extractor  
  34  4:12  Hydralisk Den  
  33  4:18  Zergling x4  
  35  4:25  Drone x3  
  35  4:26  Overlord x2  
  35  4:30  Extractor  
  37  4:32  Extractor  
  37  4:34  Evolution Chamber  
  37  4:36  Drone x3  
  38  4:38  Overlord  
  38  4:44  Zergling x2  
  39  4:50  Hydralisk x3  
  45  4:58  Hydralisk  
  47  5:02  Zergling x8  
  47  5:06  Zergling x2  
  52  5:19  Hydralisk  
  52  5:20  Hydralisk  
  56  5:31  Hydralisk x5  
  56  5:34  Zergling x4  
  61  5:45  Drone  
  61  5:46  Drone x3  
  65  5:52  Zerg Ground Armor Level 1  
  64  6:07  Spire  
  64  6:08  Drone x2  
  65  6:18  Drone x3  
  68  6:27  Muscular Augments  
  68  6:45  Drone x3  
  68  6:46  Drone, Spire  
  70  6:48  Drone x3  
  70  6:52  Overlord  
  73  7:05  Overlord x2  
  73  7:06  Overlord  
  73  7:08  Overlord  
  73  7:22  Zergling x4  
  75  7:23  Zergling x14  
  82  7:30  Evolution Chamber  
  81  7:49  Mutalisk  
  81  7:50  Mutalisk x6  
  81  7:51  Mutalisk  
  95  7:57  Drone x3  
  100  8:10  Mutalisk x2  
  104  8:14  Drone x6  
  104  8:17  Drone x3  
  113  8:26  Drone  
  114  8:28  Overlord x2  
  114  8:46  Overlord  
  114  8:47  Hatchery  
  113  9:11  Mutalisk  
  113  9:12  Mutalisk x6  
  113  9:13  Zergling x2  
  113  9:14  Zergling x4  
  124  9:29  Mutalisk x2  
  126  9:38  Roach Warren  
  125  9:41  Queen  
  125  9:43  Extractor  
  125  9:44  Zergling x2, Extractor  
  125  9:45  Zergling x6  
  129  9:56  Zerg Flyer Armor Level 1  
  129  10:09  Drone x4  
  133  10:15  Drone  
  133  10:16  Drone, Overlord x2  
  133  10:17  Overlord x4  
  133  10:18  Glial Reconstitution  
  133  10:20  Roach x2  
  139  10:28  Mutalisk  
  139  10:29  Roach  
  143  10:44  Mutalisk x2  
  143  10:45  Mutalisk x3  
  143  10:49  Roach x3  
  163  10:50  Roach x2  
  163  11:05  Mutalisk  
  163  11:06  Mutalisk  
  163  11:07  Mutalisk  
  167  11:15  Drone x5  
  172  11:31  Roach x4  
  172  11:32  Overlord, Roach x3, Extractor  
  185  11:34  Extractor  
  185  11:39  Infestation Pit  
  183  11:52  Roach x6  
  195  12:05  Hydralisk  
  195  12:06  Hydralisk  
  193  12:17  Mutalisk  
  193  12:18  Mutalisk  
  193  12:37  Corruptor  
  193  12:38  Corruptor x2  
  199  12:46  Corruptor x2  
  199  12:47  Corruptor  
Tags
 
Add a new tag
Caveats
  • Supply blocks, unpowered buildings, or Contaminate may cause inaccurate times.
  • Supply counts are checked every 10 seconds.